[Event "Titled Tuesday Blitz May 2 Late 2023"]
[White "Leiva, Gianmarco"]
[Black "Dzida, Kamil"]
[WhiteFideId "3804399"]
[BlackFideId "21828652"]
[WhiteElo "2345"]
[BlackElo "2139"]
[Result "1-0"]
[Round "05"]
[TimeControl "180+2"]
[Date "2023.05.02"]
[WhiteClock "0:00:41"]
[BlackClock "0:00:04"]

1. e4 e5 2. Nf3 Nc6 3. Bc4 Nf6 4. d3 Bc5 5. O-O d6 6. c3 a5 7. Re1 h6 8. Bb3 O-O 9. h3 Ba7 10. d4 Re8 11. Bc2 exd4 12. cxd4 Nb4 13. Nc3 Nxc2 14. Qxc2 c6 15. Bf4 Be6 16. Rad1 d5 17. e5 Nd7 18. Ne2 Rc8 19. Ng3 c5 20. Qd2 Kh7 21. Qd3+ Kg8 22. Nf5 Bxf5 23. Qxf5 Qe7 24. dxc5 Qe6 25. Nd4 Qxf5 26. Nxf5 Bxc5 27. Rxd5 Nb6 28. Rdd1 Nc4 29. Re2 Red8 30. Rxd8+ Rxd8 31. Rc2 Rd1+ 32. Kh2 b5 33. b3 g6 34. Nxh6+ Kh7 35. Ng4 Rd4 36. g3 f5 37. exf6 Rxf4 38. gxf4 1-0


[Site "https://www.chess.com"]

[Event "Titled Tuesday Blitz May 2 Late 2023"]
[White "Batsiashvili, Nino"]
[Black "Manukyan, Sargis A."]
[WhiteFideId "13602993"]
[BlackFideId "13303970"]
[WhiteElo "2231"]
[BlackElo "2187"]
[Result "0-1"]
[Round "05"]
[TimeControl "180+2"]
[Date "2023.05.02"]
[WhiteClock "0:00:48"]
[BlackClock "0:01:25"]

1. d4 d5 2. Nf3 Nf6 3. Bf4 Bg4 4. e3 e6 5. c4 Bd6 6. Bxd6 Qxd6 7. Nc3 O-O 8. c5 Qd8 9. Be2 Nbd7 10. O-O c6 11. b4 a6 12. a4 Re8 13. Ne5 Bxe2 14. Nxe2 Nxe5 15. dxe5 Nd7 16. f4 a5 17. Qb3 axb4 18. Qxb4 Qa5 19. Qxb7 Nxc5 20. Qxc6 Rec8 21. Qb5 Qd2 22. Ng3 Qxe3+ 23. Kh1 Nd3 24. f5 Nf2+ 25. Rxf2 Qxf2 26. fxe6 fxe6 27. Rf1 Qa7 28. a5 Rf8 29. h3 Rxf1+ 30. Nxf1 Qxa5 31. Qd7 Qa6 32. Ne3 Qa1+ 33. Kh2 Qxe5+ 0-1


[Site "https://www.chess.com"]

[Event "Titled Tuesday Blitz May 2 Late 2023"]
[White "Tatarinov, Dmitry"]
[Black "Wieczorek, Zbigniew"]
[WhiteFideId "24160067"]
[BlackFideId "1102001"]
[WhiteElo "2326"]
[BlackElo "2150"]
[Result "1-0"]
[Round "05"]
[TimeControl "180+2"]
[Date "2023.05.02"]
[WhiteClock "0:01:49"]
[BlackClock "0:00:13"]

1. Nf3 d5 2. c4 e6 3. g3 Nf6 4. Bg2 Be7 5. O-O O-O 6. d4 Ne4 7. Nbd2 f5 8. Ne5 c6 9. Ndf3 Nd7 10. b3 Nxe5 11. Nxe5 Bd7 12. Qc2 Be8 13. a4 a5 14. Ba3 Bb4 15. Bxb4 axb4 16. c5 Nf6 17. Qd2 Qa5 18. Nd3 b6 19. cxb6 Rb8 20. Qxb4 Qxb4 21. Nxb4 Rxb6 22. Nd3 Nd7 23. b4 Kf7 24. a5 Rb5 25. Rfc1 Nb8 26. a6 1-0


[Site "https://www.chess.com"]

[Event "Titled Tuesday Blitz May 2 Late 2023"]
[White "Prieto Aranguren, Alain"]
[Black "Muradli, Mahammad"]
[WhiteFideId "2268906"]
[BlackFideId "13409301"]
[WhiteElo "2209"]
[BlackElo "2558"]
[Result "0-1"]
[Round "05"]
[TimeControl "180+2"]
[Date "2023.05.02"]
[WhiteClock "0:00:05"]
[BlackClock "0:00:05"]

1. d4 Nf6 2. c4 g6 3. Nc3 Bg7 4. e4 O-O 5. Be2 d6 6. Nf3 e5 7. dxe5 dxe5 8. Qxd8 Rxd8 9. Bg5 Re8 10. Nd5 Nxd5 11. cxd5 c6 12. Bc4 a5 13. dxc6 Nxc6 14. O-O Bg4 15. Bd5 Nb4 16. Rfd1 h5 17. Rac1 Rec8 18. Bxb7 Rxc1 19. Rxc1 Ra7 20. Bd5 Rd7 21. Rc8+ Kh7 22. Rc5 Bxf3 23. gxf3 a4 24. Ra5 Nd3 25. Rxa4 Bh6 26. Bf6 Bg7 27. Bxg7 Kxg7 28. Ra6 Nxb2 29. Rb6 Nd3 30. Rb7 Rd6 31. Rxf7+ Kh6 32. Rb7 h4 33. Kf1 Nf4 34. Ke1 Ra6 35. Kd2 Ra4 36. Kc3 Rd4 37. a4 Rxa4 38. Kb3 Rd4 39. Kc3 Rd3+ 40. Kc4 Rxf3 41. Kc5 Rxf2 42. Kd6 Nd3 43. Ke6 Nc5+ 44. Kxe5 Nxb7 45. Bxb7 Rxh2 0-1


[Site "https://www.chess.com"]

[Event "Titled Tuesday Blitz May 2 Late 2023"]
[White "Sokolovsky, Yahli"]
[Black "Koc, Przemyslaw"]
[WhiteFideId "2820242"]
[BlackFideId "1109081"]
[WhiteElo "2316"]
[BlackElo "2161"]
[Result "1/2-1/2"]
[Round "05"]
[TimeControl "180+2"]
[Date "2023.05.02"]
[WhiteClock "0:00:08"]
[BlackClock "0:00:10"]

1. b3 f5 2. Bb2 Nf6 3. e3 g6 4. Nf3 Bg7 5. d4 O-O 6. c4 d6 7. Nc3 Nbd7 8. d5 a5 9. Na4 b6 10. Nd4 Nc5 11. Nxc5 bxc5 12. Nf3 c6 13. dxc6 Qc7 14. Be2 Qxc6 15. Ng5 Ne4 16. Bxg7 Kxg7 17. Nxe4 fxe4 18. Qd2 Bb7 19. O-O Rf6 20. f4 exf3 21. Bxf3 Qc7 22. Bxb7 Qxb7 23. Rxf6 Kxf6 24. Rf1+ Kg7 25. Qf2 Qe4 26. h4 Qe6 27. Qf3 Rd8 28. e4 Qf6 29. Qg4 Qd4+ 30. Kh1 Rf8 31. Rxf8 Kxf8 32. Kh2 Kf7 33. Qf4+ Qf6 34. Kg3 Ke6 35. Qxf6+ exf6 36. Kf4 h5 37. g3 Kf7 38. Kf3 g5 39. g4 hxg4+ 40. Kxg4 gxh4 41. Kxh4 Ke6 42. Kg4 Ke5 43. Kf3 Kd4 44. Kf4 Kc3 45. Kf5 Kb2 46. Kxf6 Kxa2 47. Ke6 Kxb3 48. Kxd6 a4 49. e5 a3 50. e6 a2 51. e7 a1=Q 52. e8=Q Qd4+ 53. Kc6 Kxc4 54. Qe2+ Kb3 55. Qb5+ Qb4 56. Qxc5 Qxc5+ 57. Kxc5 1/2-1/2


[Site "https://www.chess.com"]

[Event "Titled Tuesday Blitz May 2 Late 2023"]
[White "Womacka, Mathias"]
[Black "Goltsev, Dmitry"]
[WhiteFideId "4611390"]
[BlackFideId "24176710"]
[WhiteElo "2377"]
[BlackElo "2336"]
[Result "1-0"]
[Round "05"]
[TimeControl "180+2"]
[Date "2023.05.02"]
[WhiteClock "0:01:38"]
[BlackClock "0:01:28"]

1. e4 e6 2. d4 d5 3. Nd2 c5 4. exd5 exd5 5. Ngf3 Nf6 6. Bb5+ Nc6 7. O-O Be7 8. dxc5 Bxc5 9. Re1+ Be6 10. Nb3 Bb6 11. Nbd4 O-O 12. Nxe6 fxe6 13. Bxc6 bxc6 14. Rxe6 Ne4 15. Be3 Qd7 16. Rxe4 Bc7 17. Bc5 Rf5 18. Re7 Qd8 19. Qd4 Rf7 20. Rxf7 Kxf7 21. Re1 Bd6 22. Bxd6 Qxd6 23. Qe5 Qb4 24. Qe6+ Kf8 25. Ng5 g6 26. Qf7# 1-0


[Site "https://www.chess.com"]

[Event "Titled Tuesday Blitz May 2 Late 2023"]
[White "Shapiro, Viktor"]
[Black "Vakhlamov, Igor L."]
[WhiteFideId "4175700"]
[BlackFideId "24126748"]
[WhiteElo "2152"]
[BlackElo "2400"]
[Result "1-0"]
[Round "05"]
[TimeControl "180+2"]
[Date "2023.05.02"]
[WhiteClock "0:00:36"]
[BlackClock "0:00:10"]

1. c4 e6 2. d4 d5 3. Nc3 c5 4. cxd5 cxd4 5. Qxd4 Nc6 6. Qd1 exd5 7. Qxd5 Bd6 8. Bg5 Nge7 9. Bxe7 Qxe7 10. Rd1 Bb4 11. e3 Be6 12. Qe4 O-O 13. Nf3 Qc5 14. Bd3 Bxc3+ 15. Ke2 g6 16. bxc3 Qxc3 17. Rc1 Qa3 18. Bc4 Bf5 19. Qf4 Rad8 20. Rhd1 Qb2+ 21. Kf1 Rxd1+ 22. Rxd1 Kg7 23. g4 Be6 24. Bxe6 fxe6 25. Rd7+ Kg8 26. Qh6 Qh8 27. Rxb7 Rxf3 28. Rc7 Nd8 29. Rc8 Rf8 30. Qxf8+ Kxf8 31. Rxd8+ Kg7 32. Rxh8 Kxh8 33. f4 Kg7 34. Kf2 Kf6 35. Kf3 g5 36. Ke4 h6 37. a3 a5 38. a4 Kf7 39. Ke5 Ke7 40. f5 h5 41. gxh5 g4 42. fxe6 g3 43. hxg3 1-0


[Site "https://www.chess.com"]

[Event "Titled Tuesday Blitz May 2 Late 2023"]
[White "Bryakin, Mikhail"]
[Black "Petrovic, Aleksa"]
[WhiteFideId "4165314"]
[BlackFideId "967629"]
[WhiteElo "2447"]
[BlackElo "2309"]
[Result "1-0"]
[Round "05"]
[TimeControl "180+2"]
[Date "2023.05.02"]
[WhiteClock "0:00:06"]
[BlackClock "0:00:01"]

1. e4 e6 2. Qh5 Nf6 3. Qh4 Nc6 4. d3 d5 5. exd5 exd5 6. Bg5 Be7 7. Nf3 O-O 8. Nbd2 h6 9. Bf4 d4 10. O-O-O Nd5 11. Qg3 Nxf4 12. Qxf4 Nb4 13. a3 Nd5 14. Qxd4 Bf6 15. Qa4 Bd7 16. Qb3 Be6 17. c4 Ne7 18. Ne4 Nc6 19. Nxf6+ Qxf6 20. Qc3 Qf4+ 21. Qd2 Qf6 22. d4 b6 23. d5 Na5 24. Nd4 c5 25. dxe6 cxd4 26. exf7+ Rxf7 27. Kb1 Qxf2 28. Qxd4 Nb3 29. Qxf2 Rxf2 30. Bd3 Raf8 31. Rhg1 Nc5 32. Bc2 Re2 33. Rde1 Rff2 34. Rxe2 Rxe2 35. b4 Ne6 36. Rd1 Rxg2 37. c5 bxc5 38. Bb3 Kf7 39. Re1 Rg6 40. bxc5 Ke7 41. Bd5 Kd7 42. c6+ Kd6 43. Be4 Rg5 44. Rd1+ Kc7 45. Rd7+ Kb6 46. Rb7+ Kc5 47. c7 Nxc7 48. Rxc7+ Kd4 49. Bb7 Rg1+ 50. Kb2 g5 51. Bc6 Kc5 52. Be4+ Kb6 53. Rb7+ Ka6 54. Rh7 Re1 55. Rxh6+ 1-0


[Site "https://www.chess.com"]

[Event "Titled Tuesday Blitz May 2 Late 2023"]
[White "Martinez Ramirez, Lennis"]
[Black "Ladan, Nicholas"]
[WhiteFideId "3509079"]
[BlackFideId "30918855"]
[WhiteElo "2410"]
[BlackElo "2167"]
[Result "1-0"]
[Round "05"]
[TimeControl "180+2"]
[Date "2023.05.02"]
[WhiteClock "0:00:15"]
[BlackClock "0:00:01"]

1. Nf3 d5 2. c4 c6 3. g3 Nf6 4. Bg2 g6 5. b3 Bg7 6. Bb2 O-O 7. O-O a5 8. Nc3 Na6 9. d3 Bd7 10. Ne5 Be6 11. Qd2 d4 12. Nd1 h5 13. Nf3 Ng4 14. h3 Nh6 15. Nxd4 Bxd4 16. Qxh6 Bxb2 17. Nxb2 Qd4 18. Qd2 Rfd8 19. e3 Qg7 20. d4 c5 21. d5 Bf5 22. e4 Bd7 23. Nd3 a4 24. e5 axb3 25. axb3 Nb4 26. Nxb4 cxb4 27. f4 g5 28. Qxb4 gxf4 29. Rxa8 Rxa8 30. Qxe7 Bxh3 31. Qh4 Bxg2 32. Kxg2 Ra2+ 33. Rf2 Rxf2+ 34. Kxf2 Qxe5 35. Qxf4 Qb2+ 36. Kg1 Qxb3 37. Qg5+ Kf8 38. Qf4 Qd1+ 39. Kg2 Kg7 40. Qe5+ Kg8 41. d6 Qc2+ 42. Kf3 Qxc4 43. Qe8+ Kg7 44. Qe5+ f6 45. Qe7+ Qf7 46. Qe4 Qb3+ 47. Kf4 Qd1 48. Qe7+ Kg6 49. Qe8+ Kg7 50. d7 Qf1+ 51. Ke4 Qe2+ 52. Kd5 Qb5+ 53. Ke6 Qc6+ 54. Ke7 Qc5+ 55. Kd8 Qb6+ 56. Kc8 Qc6+ 57. Kb8 Qd6+ 58. Ka7 Qc5+ 59. Ka8 Qa5+ 60. Kb8 Qe5+ 61. Qxe5 1-0


[Site "https://www.chess.com"]

[Event "Titled Tuesday Blitz May 2 Late 2023"]
[White "Koellner, Ruben Gideon"]
[Black "Olsson, William"]
[WhiteFideId "12993093"]
[BlackFideId "1741721"]
[WhiteElo "2314"]
[BlackElo "2197"]
[Result "1-0"]
[Round "05"]
[TimeControl "180+2"]
[Date "2023.05.02"]
[WhiteClock "0:01:26"]
[BlackClock "0:01:24"]

1. d4 d5 2. Nf3 Nf6 3. Nbd2 c6 4. e3 Bf5 5. Ne5 e6 6. g4 Bg6 7. h4 Nbd7 8. h5 Be4 9. f3 Bd6 10. fxe4 Nxe4 11. Nxe4 dxe4 12. Nxd7 Bg3+ 13. Kd2 Qxd7 14. c3 O-O-O 15. Kc2 f5 16. Qe2 g6 17. Bd2 e5 18. Bh3 Kb8 19. Raf1 Rhf8 20. hxg6 hxg6 21. gxf5 gxf5 22. Qg2 Rg8 23. Bxf5 1-0


[Site "https://www.chess.com"]

[Event "Titled Tuesday Blitz May 2 Late 2023"]
[White "Bilan, Danila"]
[Black "Wieczorek, Oskar"]
[WhiteFideId "24161918"]
[BlackFideId "1133950"]
[WhiteElo "2182"]
[BlackElo "2418"]
[Result "0-1"]
[Round "05"]
[TimeControl "180+2"]
[Date "2023.05.02"]
[WhiteClock "0:00:31"]
[BlackClock "0:01:12"]

1. d4 Nf6 2. Nf3 c5 3. e3 g6 4. c3 b6 5. Nbd2 Bb7 6. Bc4 Bg7 7. O-O O-O 8. Qe2 a6 9. a4 d5 10. Bd3 Nc6 11. dxc5 bxc5 12. e4 e6 13. Rd1 Re8 14. Nf1 Qc7 15. Ng3 Na5 16. e5 Nd7 17. Bf4 Nb3 18. Rab1 Bc6 19. Bc2 Bxa4 20. h4 Bb5 21. Qe3 Na5 22. b3 Nc6 23. Re1 d4 24. cxd4 cxd4 25. Qe4 Nc5 0-1


[Site "https://www.chess.com"]

[Event "Titled Tuesday Blitz May 2 Late 2023"]
[White "Rosen, Eric"]
[Black "Baltic, Fatih"]
[WhiteFideId "2032562"]
[BlackFideId "12979090"]
[WhiteElo "2331"]
[BlackElo "2200"]
[Result "1-0"]
[Round "05"]
[TimeControl "180+2"]
[Date "2023.05.02"]
[WhiteClock "0:00:43"]
[BlackClock "0:00:20"]

1. d4 Nf6 2. Bf4 g6 3. Nc3 d6 4. e4 Bg7 5. Qd2 Nc6 6. O-O-O h6 7. Bb5 Bd7 8. f3 Nh5 9. Be3 e5 10. Nge2 a6 11. Bxc6 Bxc6 12. g4 Nf6 13. h4 Qe7 14. Kb1 O-O-O 15. d5 Bd7 16. Nc1 Kb8 17. Nb3 Bc8 18. Na4 Nd7 19. Qb4 f5 20. Na5 Ka8 21. Rd3 fxe4 22. fxe4 Nc5 23. Nxc5 dxc5 24. Bxc5 Qd7 25. Rb3 Qb5 26. Qc3 Qe2 27. Re1 Qxg4 28. Bf2 Qf4 29. Qc5 b6 30. Qc6+ Ka7 31. Qxc7+ Ka8 32. Qc6+ Ka7 33. Bxb6+ Kb8 34. Bc7+ Ka7 35. Bb8# 1-0


[Site "https://www.chess.com"]

[Event "Titled Tuesday Blitz May 2 Late 2023"]
[White "Gurevich, Dmitry"]
[Black "Martins, Bruno Andre Leite"]
[WhiteFideId "2000407"]
[BlackFideId "1942255"]
[WhiteElo "2506"]
[BlackElo "2240"]
[Result "0-1"]
[Round "05"]
[TimeControl "180+2"]
[Date "2023.05.02"]
[WhiteClock "0:00:12"]
[BlackClock "0:00:02"]

1. d4 Nf6 2. c4 e6 3. Nf3 a6 4. Nc3 b5 5. cxb5 axb5 6. Nxb5 Ba6 7. e3 c5 8. Nc3 Bxf1 9. Kxf1 d5 10. g3 c4 11. Kg2 Nc6 12. Re1 Bb4 13. Bd2 O-O 14. a3 Bxc3 15. Bxc3 Qc7 16. Qc2 Rfb8 17. Nd2 e5 18. dxe5 Nxe5 19. Bxe5 Qxe5 20. Rab1 h5 21. Nf3 Qd6 22. Red1 Rb6 23. Nd4 Qd7 24. b3 h4 25. bxc4 Rxb1 26. Rxb1 dxc4 27. Qf5 Qd6 28. Qf3 Qxa3 29. Nb5 Qa5 30. Nd6 c3 31. Rc1 Rd8 32. e4 Rxd6 33. Rxc3 Rd8 34. gxh4 Nxe4 35. Re3 Nf6 36. Qg3 Rd1 37. Qg5 Qa1 38. Kh3 Rg1 39. Qc5 Qf1# 0-1


[Site "https://www.chess.com"]

[Event "Titled Tuesday Blitz May 2 Late 2023"]
[White "Novik, Maxim"]
[Black "Sanhueza, Cristian"]
[WhiteFideId "4102924"]
[BlackFideId "116815"]
[WhiteElo "2287"]
[BlackElo "2219"]
[Result "1-0"]
[Round "05"]
[TimeControl "180+2"]
[Date "2023.05.02"]
[WhiteClock "0:01:13"]
[BlackClock "0:00:04"]

1. d4 Nf6 2. c4 g6 3. Nc3 Bg7 4. e4 d6 5. Be2 O-O 6. Nf3 e5 7. O-O exd4 8. Nxd4 Re8 9. f3 Nc6 10. Be3 Nh5 11. Qd2 Nf4 12. Nxc6 Nxe2+ 13. Nxe2 bxc6 14. Bd4 c5 15. Bxg7 Kxg7 16. Nc3 Be6 17. b3 Qf6 18. Rad1 a5 19. Rfe1 a4 20. Nxa4 Bxc4 21. Nxc5 Bb5 22. e5 Rxe5 23. Ne4 Qe7 24. Nc3 Bc6 25. a4 h5 26. b4 Bxa4 27. Nd5 Qd8 28. f4 Rxe1+ 29. Rxe1 c6 30. Qd4+ Kh6 31. Ne7 c5 32. Qf6 Qf8 33. Nf5+ Kh7 34. Re7 Bb3 35. Nxd6 Ra1+ 36. Kf2 Ra2+ 37. Kg3 1-0


[Site "https://www.chess.com"]

[Event "Titled Tuesday Blitz May 2 Late 2023"]
[White "Ambartsumova, Karina"]
[Black "Karthik, Advaith"]
[WhiteFideId "4166299"]
[BlackFideId "30946050"]
[WhiteElo "2240"]
[BlackElo "2004"]
[Result "1-0"]
[Round "05"]
[TimeControl "180+2"]
[Date "2023.05.02"]
[WhiteClock "0:00:09"]
[BlackClock "0:00:01"]

1. e4 c5 2. Nf3 Nc6 3. d4 cxd4 4. Nxd4 Nf6 5. Nc3 e5 6. Ndb5 d6 7. Nd5 Nxd5 8. exd5 Ne7 9. a4 Ng6 10. a5 a6 11. Nc3 Be7 12. Be3 O-O 13. Be2 f5 14. O-O Bg5 15. Qd2 h6 16. f3 Bxe3+ 17. Qxe3 Nf4 18. Qf2 Qg5 19. Kh1 Bd7 20. g3 Ng6 21. f4 Qf6 22. Bh5 Rac8 23. Rae1 e4 24. Bxg6 Qxg6 25. Qd4 Qf6 26. Rd1 Qxd4 27. Rxd4 Rc5 28. Ra1 Rfc8 29. Kg2 Be8 30. Kf2 Bf7 31. Ke3 Kf8 32. Ra3 g5 33. g4 fxg4 34. fxg5 hxg5 35. Rb3 R8c7 36. Rb6 Rd7 37. Rxe4 Bxd5 38. Rxg4 Bc6 39. Kd4 Rf7 40. b4 Rcf5 41. b5 Bxb5 42. Rxd6 Rf4+ 43. Rxf4 gxf4 44. Nxb5 f3 45. Kc5 f2 46. Rd1 f1=Q 47. Rxf1 Rxf1 48. Nd6 Rf2 49. c4 Rxh2 50. Nxb7 Ke7 51. Kb6 Rh6+ 52. Kc7 Rh5 53. c5 Rg5 54. Kb6 Kd7 55. c6+ Ke7 56. Nc5 1-0


[Site "https://www.chess.com"]

[Event "Titled Tuesday Blitz May 2 Late 2023"]
[White "Ciolacu, Alessia-Mihaela"]
[Black "Marek, Matyas"]
[WhiteFideId "1252640"]
[BlackFideId "335398"]
[WhiteElo "1913"]
[BlackElo "2279"]
[Result "1-0"]
[Round "05"]
[TimeControl "180+2"]
[Date "2023.05.02"]
[WhiteClock "0:00:09"]
[BlackClock "0:00:09"]

1. e4 c5 2. Nf3 d6 3. d4 cxd4 4. Nxd4 Nf6 5. Nc3 Nc6 6. Bg5 e6 7. Qd2 a6 8. O-O-O Bd7 9. f4 b5 10. Bxf6 gxf6 11. Kb1 Qb6 12. Nce2 O-O-O 13. h4 Kb8 14. h5 Rg8 15. Nf3 Be7 16. f5 Ne5 17. Nf4 Rg4 18. Be2 Rg3 19. Nd4 Nc6 20. Nxc6+ Qxc6 21. Bf3 Qc5 22. Nd3 Qb6 23. Qh6 exf5 24. Qxh7 Be6 25. exf5 Bc4 26. Qh6 d5 27. Qd2 d4 28. h6 Rgg8 29. h7 Rh8 30. Qf4+ Bd6 31. Qe4 Ka7 32. Qh4 Qa5 33. b3 Bxd3 34. Rxd3 Bc5 35. Qxf6 Qb6 36. Qxf7+ Kb8 37. Re1 Qc7 38. Qg6 Rxh7 39. f6 Rf7 40. g4 Bb4 41. Re6 Rc8 42. Rc6 Qe5 43. Rxc8+ Kxc8 44. Qxf7 Qe1+ 45. Rd1 Qc3 46. Qb7+ Kd8 47. Qb8+ Kd7 48. Qb7+ Kd8 49. f7 Ba3 50. Qd5+ Kc7 51. Qc6+ Qxc6 52. Bxc6 Kxc6 53. Rxd4 Kc5 54. f8=Q+ Kxd4 55. Qxa3 1-0


[Site "https://www.chess.com"]

[Event "Titled Tuesday Blitz May 2 Late 2023"]
[White "Adewumi, Tanitoluwa"]
[Black "Jimenez Almeida, Luis David"]
[WhiteFideId "30966396"]
[BlackFideId "22242244"]
[WhiteElo "2283"]
[BlackElo "2245"]
[Result "1-0"]
[Round "05"]
[TimeControl "180+2"]
[Date "2023.05.02"]
[WhiteClock "0:00:04"]
[BlackClock "0:00:01"]

1. e4 c6 2. d4 Na6 3. Bxa6 Qa5+ 4. Nc3 Qxa6 5. Nge2 d6 6. O-O g6 7. f4 Bg7 8. f5 Qb6 9. Kh1 Qc7 10. Bg5 Nf6 11. Qd3 O-O 12. Rae1 b5 13. a3 a5 14. b4 axb4 15. axb4 Re8 16. Nf4 d5 17. fxg6 hxg6 18. exd5 Bf5 19. Qd2 Rad8 20. h3 Nh7 21. Bh4 g5 22. Nh5 Bg6 23. Nxg7 Kxg7 24. Bxg5 cxd5 25. Nxb5 Qc4 26. Na3 Qa6 27. Rf3 Nxg5 28. Qxg5 Rh8 29. Qxe7 Rde8 30. Qxe8 Rxe8 31. Rxe8 Qc6 32. Ree3 Qd6 33. b5 Qb4 34. Rg3 Qxd4 35. Kh2 Qc5 36. Rb3 Qd6 37. b6 Kh6 38. b7 Qb8 39. Nb1 Be4 40. Nd2 Bxc2 41. Rb6+ f6 42. Rxf6+ Kh7 43. Rf7+ Kh6 44. Nf3 Be4 45. Nd4 Bg6 46. Rf6 Kh5 47. Rxg6 Qxb7 48. R3g5+ Kh4 49. g3# 1-0


[Site "https://www.chess.com"]

[Event "Titled Tuesday Blitz May 2 Late 2023"]
[White "Jovic, Stanoje"]
[Black "Rafiee, Makan"]
[WhiteFideId "905020"]
[BlackFideId "24609340"]
[WhiteElo "2236"]
[BlackElo "2327"]
[Result "1-0"]
[Round "05"]
[TimeControl "180+2"]
[Date "2023.05.02"]
[WhiteClock "0:00:37"]
[BlackClock "0:00:27"]

1. c4 c6 2. e4 d5 3. exd5 cxd5 4. cxd5 Nf6 5. Qa4+ Nbd7 6. Bc4 g6 7. d3 Bg7 8. Nc3 O-O 9. Nf3 Nb6 10. Qb3 Bg4 11. Ne5 Bf5 12. O-O Nfd7 13. Nxd7 Qxd7 14. Be3 Nc8 15. Ne4 Nd6 16. Nxd6 exd6 17. a4 h5 18. a5 h4 19. Qb5 Qxb5 20. Bxb5 Bxb2 21. Rab1 Bc3 22. a6 b6 23. Rfc1 Rac8 24. Rb3 Bd4 25. Rc6 Rfe8 26. g4 Bxe3 27. gxf5 Bc5 28. Kg2 gxf5 29. d4 Bxd4 30. Rxd6 Re2 31. Bxe2 Rc2 32. Kf3 1-0


[Site "https://www.chess.com"]

[Event "Titled Tuesday Blitz May 2 Late 2023"]
[White "Melikyan, Gnel"]
[Black "Sai Han Thiha"]
[WhiteFideId "54109990"]
[BlackFideId "13012290"]
[WhiteElo "2138"]
[BlackElo "1954"]
[Result "1-0"]
[Round "05"]
[TimeControl "180+2"]
[Date "2023.05.02"]
[WhiteClock "0:00:17"]
[BlackClock "0:00:12"]

1. e4 c6 2. Nf3 d5 3. Nc3 Bg4 4. h3 Bxf3 5. Qxf3 e6 6. b3 Nf6 7. Bb2 Nbd7 8. O-O-O dxe4 9. Nxe4 Nxe4 10. Qxe4 Nf6 11. Qh4 a5 12. a4 Nd5 13. Qxd8+ Rxd8 14. Bc4 Rg8 15. Rhe1 Be7 16. Kb1 Bf6 17. Ba3 Be7 18. Bb2 Bf6 19. g3 Bxb2 20. Kxb2 Ke7 21. d4 Rb8 22. Bf1 b5 23. axb5 cxb5 24. Ra1 a4 25. Ra3 Nc3 26. bxa4 Nxa4+ 27. Kc1 Rgc8 28. Kd2 Nb2 29. Rb3 Nc4+ 30. Kd3 Kf6 31. Reb1 Nd6 32. Kd2 Ne4+ 33. Ke3 Nc3 34. Ra1 b4 35. Bd3 Nd5+ 36. Kd2 Rc3 37. Rab1 Ra8 38. Be4 Rc4 39. Kd3 Rac8 40. Bxd5 exd5 41. R1b2 Rb8 42. Ra2 Re8 43. Ra5 Rd8 44. Rxd5 Rxd5 45. Kxc4 Rf5 46. f4 h5 47. Rxb4 h4 48. Rb6+ Ke7 49. Rb7+ Ke8 50. gxh4 Rxf4 51. Kd5 Rxh4 52. c4 Rxh3 53. c5 Rh5+ 54. Kc6 Rh6+ 55. Kb5 g5 56. c6 Kd8 57. Rxf7 Rg6 58. d5 g4 59. Kc5 g3 60. d6 Rg8 61. Rf1 g2 62. Rg1 Kc8 63. Kb6 Rg6 64. d7+ Kd8 65. Kb7 Rg8 66. Rd1 g1=Q 67. c7+ Ke7 68. d8=Q+ Rxd8 69. cxd8=Q+ 1-0


[Site "https://www.chess.com"]

[Event "Titled Tuesday Blitz May 2 Late 2023"]
[White "Haydon, David L"]
[Black "Rottenwohrer Suarez, Juan"]
[WhiteFideId "415405"]
[BlackFideId "32068182"]
[WhiteElo "2326"]
[BlackElo "2174"]
[Result "1-0"]
[Round "05"]
[TimeControl "180+2"]
[Date "2023.05.02"]
[WhiteClock "0:00:50"]
[BlackClock "0:00:02"]

1. d4 Nf6 2. Nc3 d5 3. Bf4 c5 4. e4 Nxe4 5. Nxe4 dxe4 6. dxc5 Qa5+ 7. c3 Qxc5 8. Qa4+ Nc6 9. Qxe4 Bf5 10. Qe3 e6 11. Nf3 Be7 12. Be2 O-O 13. O-O Rfd8 14. Rfd1 h6 15. h4 a5 16. a4 Rac8 17. Bb5 Na7 18. Be2 Nc6 19. h5 Bg4 20. Qxc5 Bxc5 21. Nd4 Bxe2 22. Nxe2 e5 23. Be3 Bxe3 24. fxe3 Ne7 25. Ng3 f6 26. Kf2 b6 27. Ne4 Kf7 28. Nd6+ Ke6 29. Nxc8 Rxc8 30. e4 Rb8 31. b4 Rc8 32. Rac1 Nc6 33. Ke3 Rb8 34. b5 Ne7 35. c4 Rc8 36. c5 bxc5 37. Rc4 f5 38. Rdc1 fxe4 39. Rxc5 Nf5+ 40. Kxe4 Rd8 41. Rc6+ Nd6+ 42. Kf3 Rf8+ 43. Kg3 Ke7 44. Re1 Nf5+ 45. Kg4 Nd4 46. Rxe5+ Kd7 47. Rd5+ 1-0


[Site "https://www.chess.com"]

[Event "Titled Tuesday Blitz May 2 Late 2023"]
[White "Ozates, Tuna"]
[Black "Shubenkova, Veronika"]
[WhiteFideId "6354521"]
[BlackFideId "44124040"]
[WhiteElo "2151"]
[BlackElo "2027"]
[Result "0-1"]
[Round "05"]
[TimeControl "180+2"]
[Date "2023.05.02"]
[WhiteClock "0:00:01"]
[BlackClock "0:00:14"]

1. e4 c6 2. d4 d5 3. exd5 cxd5 4. Bd3 Nc6 5. c3 Nf6 6. Bf4 h6 7. h3 e6 8. Nf3 Bd6 9. Ne5 O-O 10. Nd2 Qc7 11. Ndf3 Ne4 12. Qe2 f5 13. Nxc6 Bxf4 14. Nce5 Nxc3 15. Qc2 Bxe5 16. Nxe5 Nb5 17. Qa4 Nd6 18. O-O Ne4 19. f3 Nf6 20. Rac1 Qd6 21. Qa3 Qb6 22. Qc5 Qxb2 23. Rb1 Qd2 24. Rf2 Qe3 25. Kf1 Nd7 26. Qc3 Nxe5 27. dxe5 d4 28. Qd2 Qxe5 29. Re1 Qd6 30. Bc4 Kh8 31. f4 Bd7 32. Rf3 b5 33. Bb3 Rf6 34. Rd3 Bc6 35. Rxd4 Qe7 36. Rd6 Be4 37. Rd1 Rg6 38. g4 fxg4 39. hxg4 Rxg4 40. Rxe6 Qh4 41. Rxe4 Qh1+ 42. Kf2 Qxe4 43. Bd5 Rxf4+ 44. Kg3 Rf3+ 45. Kh2 Qh4+ 46. Kg1 Rg3+ 47. Bg2 Rf8 48. Re1 Qg4 49. Qc2 h5 50. Rd1 h4 51. Rd3 h3 52. Rxg3 Qxg3 0-1


[Site "https://www.chess.com"]

[Event "Titled Tuesday Blitz May 2 Late 2023"]
[White "Nazaretyan, Tigran"]
[Black "Toktomushev, Teimur"]
[WhiteFideId "24162345"]
[BlackFideId "14176726"]
[WhiteElo "2111"]
[BlackElo "2116"]
[Result "0-1"]
[Round "05"]
[TimeControl "180+2"]
[Date "2023.05.02"]
[WhiteClock "0:00:08"]
[BlackClock "0:00:05"]

1. d4 d5 2. c4 e6 3. Nf3 Nf6 4. Nc3 Be7 5. Bf4 O-O 6. e3 b6 7. Bd3 Bb7 8. O-O c5 9. dxc5 Bxc5 10. Qe2 Nbd7 11. Rfd1 h6 12. a3 Re8 13. cxd5 Nxd5 14. Nxd5 Bxd5 15. e4 Bc6 16. b4 Bf8 17. Bb5 Rc8 18. Ne5 Bxb5 19. Qxb5 Qf6 20. Rxd7 Qxf4 21. Nxf7 Qxe4 22. h3 Qf5 23. Ne5 Rc2 24. Rf1 Rec8 25. Rf7 Qe4 26. Ng4 a6 27. Qd7 R2c7 28. Qxc7 Rxc7 29. Rxc7 Qd3 30. a4 Qb3 31. b5 axb5 32. axb5 Qxb5 33. Rd1 Bc5 34. Rd8+ Kh7 35. Rdd7 Qb1+ 36. Kh2 Qg6 37. Ne5 Qg5 38. Nf3 Qf4+ 39. Kh1 Qc1+ 40. Kh2 Bd6+ 41. Rxd6 Qxc7 42. g3 Qxd6 43. Kg2 Qc6 44. g4 b5 45. Kg3 b4 46. Ne5 Qc7 47. f4 b3 48. Kh4 b2 49. Kh5 b1=Q 50. Ng6 Qxg6+ 51. Kh4 Qc1 52. f5 Qe1# 0-1


[Site "https://www.chess.com"]